 Dungeon Crawl Stone Soup version 0.30-b1-2-g02819fbbbe (webtiles) character file.

Game seed: 12297027313861086822

578 Arcadio the Ducker (level 7, -19/52 HPs)
             Began as a Djinni Fire Elementalist on May 17, 2023.
             Was a Believer of Makhleb.
             Demolished by an ogre
             ... wielding a +0 giant spiked club
              (36 damage)
             ... on level 5 of the Dungeon.
             The game lasted 00:09:54 (3482 turns).

Arcadio the Ducker (Djinni Fire Elementalist)       Turns: 3482, Time: 00:09:54

Health: -19/52     AC:  4    Str:  7    XL:     7   Next: 62%
Gold:   164        EV: 14    Int: 19    God:    Makhleb [**....] SH:  0 Dex: 13

rFire   + + .        c - +0 short sword
rCold   x . .        (no shield)
rNeg    + . .        a - +0 robe
rPois   ∞            u - +0 helmet
rElec   .            n - +0 cloak
rCorr   .            (no gloves)
SInv    .            (boots unavailable)
Will    .....        (no amulet)
Stlth   ++           p - ring of positive energy
HPRegen 0.28/turn    (no ring)
MPRegen 0.00/turn

%: infuse magic (-20 HP)
@: flying, very slightly contaminated, studying Long Blades
A: sickness immunity, fire resistance 2, cold vulnerability 1, float, innate
caster, HP casting, extra vitality 1
a: Renounce Religion, Minor Destruction


You were on level 5 of the Dungeon.
You worshipped Makhleb.
Makhleb was pleased with you.
You visited 1 branch of the dungeon, and saw 5 of its levels.
You also visited: Ossuary.

You collected 220 gold pieces.
You spent 56 gold pieces at shops.

Inventory:

Hand Weapons
 c - a +0 short sword (weapon)
 j - a +0 short sword of flaming
Armour
 a - a +0 robe (worn)
 n - a +0 cloak (worn)
 u - a +0 helmet (worn)
Jewellery
 p - a ring of positive energy (left hand)
Scrolls
 b - a scroll of blinking
 d - a scroll of vulnerability
 e - a scroll of enchant weapon
 h - 2 scrolls of teleportation
 i - a scroll of immolation {unknown}
 l - a scroll of silence {unknown}
 m - 4 scrolls of fear
 r - a scroll of identify
 t - a scroll of poison {unknown}
Potions
 f - 4 potions of curing
 k - 2 potions of attraction {unknown}
 o - 3 potions of cancellation {unknown}
 q - 2 potions of mutation {unknown}
 s - a potion of heal wounds {unknown}


   Skills:
 + Level 4.1 Fighting
 + Level 5.2 Dodging
 - Level 1.5 Stealth
 + Level 4.1 Spellcasting


You knew the following spells:

 Your Spells              Type           Power      Damage    Failure   Level
a - Scorch                Fire           38%        2d7       3%          2
b - Call Imp              Summ           38%        N/A       3%          2
c - Volatile Blastmotes   Fire/Tloc      38%        2d13      8%          3
d - Inner Flame           Hex/Fire       19%        N/A       8%          3
e - Flame Wave            Conj/Fire      19%        2d7       24%         4
f - Apportation           Tloc           38%        N/A       2%          1
g - Foxfire               Conj/Fire      76%        2x1d7     2%          1
h - Dazzling Flash        Conj/Hex       38%        N/A       8%          3
Your spell library was empty.

Dungeon Overview and Level Annotations

Branches:
Dungeon (5/15) Zot: 26527  Temple (0/1) D:5         Ossuary (visited)

Altars:
Makhleb
Nemelex Xobeh
Yredelemnul
The Shining One

Shops:
D:2 !(=(

Annotations:
D:4 1 runed translucent door


Innate Abilities, Weirdness & Mutations

You are immune to sickness and miasma.
You are immune to poison.
Your flesh is very heat resistant. (rF++)
You are vulnerable to cold. (rC-)
You float through the air rather than walking.
You learn spells naturally, not from books.
Your magical power is your life essence.
You have superior vitality. (+4 MHP)


Message History

There is a stone staircase leading down here.
You fly downwards.
You hear the sound of rushing water.
There is an entrance to a sewer on this level.
Hurry and find it before the portal rusts away!
There is a stone staircase leading up here.
An ogre comes into view. It is wielding a +0 giant spiked club.
As you read the scroll of magic mapping, it crumbles to dust.
You feel aware of your surroundings.
You sensed 2 shops/portals.
Casting: Scorch (safe; 3% risk of failure)
Confirm with . or Enter, or press ? or * to list all spells.
A tiny devil pulls itself out of the air.
Casting: Call Imp (safe; 3% risk of failure)
Confirm with . or Enter, or press ? or * to list all spells.
A tiny devil pulls itself out of the air.
Your cerulean imp disappears in a puff of smoke!
Casting: Call Imp (safe; 3% risk of failure)
Confirm with . or Enter, or press ? or * to list all spells.
A tiny devil pulls itself out of the air.
Your cerulean imp disappears in a puff of smoke!
The ogre hits you with a +0 giant spiked club!
Casting: Call Imp (safe; 3% risk of failure)
Confirm with . or Enter, or press ? or * to list all spells.
Flames lash the ogre.
The ogre is lightly wounded.
The ogre's fire resistance burns away.
Your cerulean imp barely misses the ogre.
Casting: Scorch (safe; 3% risk of failure)
Confirm with . or Enter, or press ? or * to list all spells.
You miscast Scorch.
You are very lightly contaminated with residual magic.
Nothing appears to happen.
The ogre hits you with a +0 giant spiked club!
Your cerulean imp hits the ogre from afar with a -3 spear.
Casting: Scorch (safe; 3% risk of failure)
Confirm with . or Enter, or press ? or * to list all spells.
Flames lash the ogre.
The ogre is burned terribly!
The ogre is severely wounded.
The ogre hits you with a +0 giant spiked club!!!
Ouch! That really hurt!
You die...

,*,* ******,,,~~~~~,,*
**,* *##,,,~~~,,,* **,*
*#.,,,,,,,,,,* **,*
*..*,,,,,,,,,* **+***
*.#*,,,*******
*,,,,********####.#*,***
+,,,,,,,,,,,,,....,,,*
*,,,,,,,,*######.########
+,,,,,,,,*#....O@5......#
*,,,,,,,,*#.####.######.#
*****,,,,**,***#.# #.#
**+****,*,,.<# #.# *,*
*,*,#########.# ** *,*
**,*,* #...#.# ,* *,*
*,,,,* #.#.#.# ,* *,*
*,,*** #.#.#.#
,*****,***,,* #.#.#.#


You could see an ogre (combustible, ally target) and a friendly cerulean imp
(summoned).

Vanquished Creatures
  A steam dragon (D:4)
  2 black bears (D:4)
  An ogre (D:4)
  A phantom (D:4)
  An iguana (D:4)
  2 adders
  An adder zombie (Ossuary)
  A worm (D:2)
  A dart slug (D:2)
  2 orcs
  9 ball pythons
  5 endoplasms
  3 giant cockroaches
  3 hobgoblins
  10 jackals
  6 kobolds
  2 quokkas
  4 bats
  3 frilled lizards (D:1)
  3 goblins
  A jackal skeleton (D:4)
  A kobold zombie (Ossuary)
  3 rats (D:1)
66 creatures vanquished.

Vanquished Creatures (others)
  112 foxfires
112 creatures vanquished.

Grand Total: 178 creatures vanquished

Notes
Turn   | Place    | Note
-------+----------+-------------------------------------------
     0 | D:1      | Arcadio the Djinni Fire Elementalist began the quest for
                  | the Orb.
     0 | D:1      | Arcadio set off with the following spells memorised:
                  | Foxfire, Scorch, Volatile Blastmotes, Inner Flame, Flame
                  | Wave.
     0 | D:1      | Reached XP level 1. HP: 15/15 MP: 0/0
   249 | D:1      | Reached XP level 2. HP: 10/22 MP: 0/0
   461 | D:1      | Reached skill level 1 in Fighting
   590 | D:1      | Found a faded altar of an unknown god.
   596 | D:1      | Prayed at the altar of an unknown god.
   596 | D:1      | Became a worshipper of Makhleb the Destroyer
   596 | D:1      | Reached * piety under Makhleb
   704 | D:1      | Reached XP level 3. HP: 27/27 MP: 0/0
   704 | D:1      | Learned a level 1 spell: Apportation
   959 | D:2      | Found Ezosap's Weapon Emporium.
   990 | D:2      | Reached skill level 3 in Dodging
  1082 | D:2      | Found Byddebu's Weapon Shop.
  1163 | D:2      | Found Liapni's Jewellery Boutique.
  1190 | D:2      | Found Tarun's Distillery.
  1211 | D:2      | Bought a potion of degeneration for 14 gold pieces
  1211 | D:2      | Bought a potion of curing for 42 gold pieces
  1253 | D:2      | Found a sparkling altar of Nemelex Xobeh.
  1336 | D:2      | Reached XP level 4. HP: 32/32 MP: 0/0
  2206 | D:4      | Found a glowing golden altar of the Shining One.
  2229 | D:4      | Found a sand-covered staircase.
  2235 | Ossuary  | Entered an ossuary
  2287 | D:4      | Noticed a black bear
  2353 | D:4      | Killed a black bear
  2353 | D:4      | Reached ** piety under Makhleb
  2354 | D:4      | Reached XP level 5. HP: 25/39 MP: 0/0
  2354 | D:4      | Learned a level 2 spell: Call Imp
  2434 | D:4      | Noticed a phantom
  2444 | D:4      | Reached skill level 4 in Dodging
  2444 | D:4      | Reached XP level 6. HP: 14/45 MP: 0/0
  2449 | D:4      | HP: 1/45 [phantom (4)]
  2613 | D:4      | Noticed a black bear
  2618 | D:4      | Killed a black bear
  2779 | D:4      | Noticed a human
  2780 | D:4      | Found a runed translucent door.
  2792 | D:4      | Found a basalt altar of Yredelemnul.
  2862 | D:4      | Reached XP level 7. HP: 37/50 MP: 0/0
  2862 | D:4      | Learned a level 3 spell: Dazzling Flash
  3007 | D:4      | Noticed a steam dragon
  3236 | D:4      | Killed a steam dragon
  3237 | D:4      | Reached skill level 5 in Dodging
  3444 | D:5      | Entered Level 5 of the Dungeon
  3482 | D:5      | Demolished by an ogre

Illustrated notes

Levels and vault maps discovered:
D:1:      zaba_arrival_water, layout_loops_corners,
          hellmonk_ecumenical_altar_heavens_door
D:2:      layout_basic, serial_shops, shop, shop, shop, shop, basic_altar
D:3:      layout_rooms
D:4:      layout_basic, dk_yredelemnul_ordeal, tso_metal_star, enter_ossuary_5
D:5:      layout_basic, minmay_temple_entry_mini_moons, serial_shops,
          nicolae_shop_stone, portal_sewer_entry_a, uniq_edmund

Skill      XL: |  1  2  3  4  5  6  7 |
---------------+----------------------+-----
Fighting       | 1 2 3 4 |  4.1
Dodging        | 3 4 5 |  5.2
Spellcasting   | 3 4 |  4.1
Stealth        | |  1.5

Action                     |  1- 3 |  4- 6 |  7- 9 || total
---------------------------+-------+-------+-------++-------
  Melee: Short sword       |    16 |    30 |       ||    46
   Cast: Foxfire           |    52 |    12 |       ||    64
         Scorch            |     6 |    23 |    13 ||    42
         Volatile Blastmot |       |     1 |       ||     1
         Call Imp          |       |     1 |     4 ||     5
    Use: Scroll            |     2 |     5 |     1 ||     8
         Potion            |       |     1 |       ||     1
   Stab: Sleeping          |     1 |       |       ||     1
 Armour: Robe              |     7 |    14 |       ||    21
  Dodge: Dodged            |    30 |    31 |     4 ||    65
